 Dungeon Crawl Stone Soup version 0.19.4 (webtiles) character file.

182 Jerry the Skirmisher (level 5, -3/67 HPs)
             Began as a Demigod Air Elementalist on Jan 31, 2017.
             Slain by a large abomination (18 damage)
             ... on level 1 of the Abyss.
             The game lasted 00:15:17 (3015 turns).

Jerry the Skirmisher (Demigod Air Elementalist)     Turns: 3015, Time: 00:15:18

Health: -3/67      AC:  7    Str: 18    XL:     5   Next: 12%
Magic:  9/10       EV: 11    Int: 19    God:
Gold:   101        SH:  0    Dex: 16    Spells: 3 memorised, 2 levels left

rFire  . . .     SeeInvis .     n - +2 mace (venom)
rCold  . . .     Gourm    .     o - +0 ring mail
rNeg   + . .     Faith    .     (no shield)
rPois  .         Spirit   .     e - +0 helmet
rElec  .         Reflect  .     (no cloak)
rCorr  .         Harm     .     j - +0 pair of gloves
MR     .....                    (no boots)
Stlth  ..........               l - amulet of rage
                                (no ring)
                                h - ring of positive energy

@: berserking, sluggish, non-regenerating, diseased, repel missiles
A: high mp 1
a: Evoke Berserk Rage


You were on level 1 of the Abyss.
You were hungry.

You visited 1 branch of the dungeon, and saw 3 of its levels.
You visited the Abyss 1 time.

You collected 101 gold pieces.

Inventory:

Hand Weapons
 n - a +2 mace of venom (weapon)
 p - a +1 war axe of chopping
 s - a +1 short sword of freezing
 t - a +2 short sword of freezing
Missiles
 g - 77 stones (quivered)
 m - 10 sling bullets
Armour
 e - a +0 helmet (worn)
 j - a +0 pair of gloves (worn)
 o - a +0 ring mail (worn)
Jewellery
 h - a ring of positive energy (left hand)
 l - an amulet of rage (around neck)
Scrolls
 a - a scroll of amnesia
 d - a scroll of identify
 q - a scroll of magic mapping
Potions
 f - a potion of degeneration {unknown}
 k - a potion of resistance
 r - a potion of invisibility {unknown}
Books
 b - a book of Air

   Spells                             Type                      Level
   a - Shock                          Conjuration/Air              1
   b - Swiftness                      Charms/Air                   2
   c - Repel Missiles                 Charms/Air                   2
   d - Static Discharge               Conjuration/Air              3
   e - Lightning Bolt                 Conjuration/Air              5
Comestibles
 c - 6 bread rations
 i - 2 chunks of flesh


   Skills:
 + Level 3.1 Fighting
 + Level 3.1 Armour
 - Level 1.7 Dodging
 - Level 1.7 Stealth
 - Level 1.7 Spellcasting
 - Level 0.8 Conjurations
 - Level 2.6 Air Magic


You had 2 spell levels left.
You knew the following spells:

 Your Spells              Type           Power        Failure   Level  Hunger
a - Shock                 Conj/Air       #...         17%         1    #......
b - Repel Missiles        Chrm/Air       #.....       30%         2    ###....
c - Swiftness             Chrm/Air       #.......     30%         2    ###....


Dungeon Overview and Level Annotations

Branches:
Dungeon (3/15)


Innate Abilities, Weirdness & Mutations

You have an increased reservoir of magic. (+10% MP)


Message History

A large abomination comes into view.
Casting: Repel Missiles
Confirm with . or Enter, or press ? or * to list all spells.
You feel quick.
An ancient zyme comes into view.
You feel yourself growing ill in the presence of the ancient zyme.
You start to feel a little slower.
You feel sluggish. The large abomination hits you!!
* * * LOW HITPOINT WARNING * * *
The large abomination completely misses you.
Okay, then.
A red film seems to cover your vision as you go berserk!
You feel yourself moving faster!
You feel mighty!
You are feeling hungry.
You feel ill.
You hit the large abomination.
The large abomination is lightly damaged.
The large abomination hits you!!
You die...

..#.# ..#. #.
... #.#...##.#
#. ..# #.....#
. ## . ##
#####..#x.
#...##. ##. #
.... .. .
####.. #
###... .
..ยง..
#...#.#..#...#
. ..##
..#.x...#
...#. # #
###x.#.# ..# #
#@X##...#.#.#.
###.##..#...#
. #
#..#####..#
..# . # #.#
###### ... # #
# # .## . ##.
..#. . #. ## .
#.#....# . .
... ## ... #.
.


You could see an ancient zyme and a large abomination.

Vanquished Creatures
  Robin (D:2)
  3 gnolls (D:2)
  3 adders (D:2)
  An ufetubus (Abyss:1)
  An ooze (D:1)
  2 worms (D:2)
  A dart slug (D:2)
  5 leopard geckos
  5 orcs (D:3)
  2 ball pythons
  5 giant cockroaches
  16 goblins
  13 hobgoblins
  3 jackals (D:2)
  7 bats
  A frilled lizard (D:2)
  7 kobolds
  7 rats
83 creatures vanquished.

Notes
Turn   | Place    | Note
-------+----------+-------------------------------------------
     0 | D:1      | Jerry the Demigod Air Elementalist began the quest for the Orb.
     0 | D:1      | Reached XP level 1. HP: 14/14 MP: 5/5
   239 | D:1      | Reached skill level 1 in Fighting
   294 | D:1      | Reached skill level 1 in Armour
   295 | D:1      | Reached XP level 2. HP: 18/23 MP: 7/7
  1080 | D:2      | Reached XP level 3. HP: 26/28 MP: 8/8
  1258 | D:2      | Learned a level 2 spell: Repel Missiles
  1262 | D:2      | Learned a level 2 spell: Swiftness
  1477 | D:2      | Reached XP level 4. HP: 23/36 MP: 4/9
  1806 | D:2      | Noticed Robin
  1889 | D:2      | Killed Robin
  2432 | D:2      | Found a faded altar of an unknown god.
  2708 | D:3      | Reached XP level 5. HP: 45/45 MP: 10/10
  2755 | D:3      | Found an opulent altar of Gozag.
  2873 | D:3      | Cast into level 1 of the Abyss (orc priest)
  2968 | Abyss:1  | Noticed a large abomination
  2994 | Abyss:1  | Noticed a large abomination
  3004 | Abyss:1  | Noticed an ancient zyme
  3015 | Abyss:1  | Slain by a large abomination

Skill      XL: |  1  2  3  4 |
---------------+-------------+-----
Fighting       | 1 2 3 |  3.1
Armour         | 1 2 3 |  3.1
Dodging        | |  1.7
Stealth        | |  1.7
Spellcasting   | |  1.7
Conjurations   | |  0.8
Air Magic      | |  2.6

Action                   |  1- 3 |  4- 6 || total
-------------------------+-------+-------++-------
Melee: Whip              |    23 |       ||    23
       Club              |     2 |       ||     2
       Unarmed           |     2 |       ||     2
       Mace              |    40 |   103 ||   143
 Cast: Shock             |    42 |    13 ||    55
       Repel Missiles    |       |     1 ||     1
       Swiftness         |       |     1 ||     1
 Abil: Evoke Berserk Rag |     1 |     3 ||     4
  Use: Scroll            |     4 |       ||     4
 Stab: Sleeping          |       |     3 ||     3
  Eat: Chunk             |     4 |     7 ||    11
Armor: Robe              |     3 |       ||     3
       Ring mail         |    19 |    37 ||    56
Dodge: Dodged            |    40 |    60 ||   100
       Deflected         |       |     2 ||     2
